 Dungeon Crawl Stone Soup version 0.15.0-25-gd84c1e8 (webtiles) character file.

2290 Kex the Ruffian (level 9, -5/79 HPs)
             Began as a Troll Warper on Sept 9, 2014.
             Was a Plaything of Xom.
             Slain by a polar bear (22 damage)
             ... summoned by the rage of Trog
             ... on Level 7 of the Dungeon on Sept 10, 2014.
             The game lasted 00:24:50 (5921 turns).

Kex the Ruffian (Troll Warper)                      Turns: 5921, Time: 00:24:50

HP  -5/79        AC  9     Str 21      XL: 9   Next: 17%
MP   7/9         EV 13     Int  9      God: Xom
Gold 295         SH  0     Dex 14      Spells:  3 memorised,  6 levels left

rFire  . . .     SeeInvis .       - Unarmed
rCold  . . .     Clarity  .     o - +2 robe {rN+}
rNeg   + . .     rCorr    .     (shield restricted)
rPois  .         rRot     .     (helmet restricted)
rElec  .         Spirit   .     u - +0 cloak (curse)
SustAb .         Warding  .     (gloves unavailable)
rMut   .         Stasis   .     (boots unavailable)
Gourm  +                        (no amulet)
MR     .....                    (no ring)
                                b - ring of wizardry

@: not resistant to hostile enchantments, very unstealthy
A: unfitting armour, claws 3, agile 1, fast metabolism 3, frail 1, gourmand, low
mp 1, regeneration 2, saprovore 2, shaggy fur 2, tough skin 2
a: Renounce Religion


You were on level 7 of the Dungeon.
You worshipped Xom.
You were a favourite toy of Xom.
You were full.

You visited 2 branches of the dungeon, and saw 8 of its levels.

You collected 295 gold pieces.

Inventory:

Missiles
 e - 5 tomahawks of dispersal (quivered)
 G - 3 tomahawks
Armour
 o - a +2 robe of positive energy (worn)
 u - a cursed +0 cloak (worn)
Magical devices
 y - a wand of frost (13)
Comestibles
 a - 3 meat rations
 i - 3 rotting chunks of orc flesh
 k - 3 beef jerkies
 l - a royal jelly
 w - 3 bread rations
 A - 9 fruits
Scrolls
 d - a scroll of blinking
 f - 2 scrolls of enchant armour {unknown}
 g - 9 scrolls of identify
 m - 2 scrolls of remove curse
 n - 2 scrolls of teleportation
 p - a scroll of immolation {unknown}
 r - a scroll of enchant weapon {unknown}
 H - 2 scrolls of magic mapping {unknown}
 J - a scroll of recharging {unknown}
 R - a scroll of random uselessness {unknown}
Jewellery
 b - a ring of wizardry (left claw)
 s - a +2 ring of strength
Potions
 h - a potion of magic {unknown}
 j - 4 potions of restore abilities
 q - 4 potions of curing
 t - a potion of brilliance {unknown}
 z - a potion of lignification {unknown}
 B - a potion of berserk rage {unknown}
 C - a potion of poison
 D - a potion of might {unknown}
 I - a potion of agility {unknown}
 Q - a potion of degeneration {unknown}
Books
 c - a book of Spatial Translocations

   Spells                             Type                      Level
   *Apportation                       Translocation                1
   *Blink                             Translocation                2
   Shroud of Golubria                 Charms/Translocation         2
   Portal Projectile                  Translocation                3
   *Teleport Other                    Translocation                3
   Passage of Golubria                Translocation                4
 v - a book of Flames

   Spells                             Type                      Level
   Flame Tongue                       Conjuration/Fire             1
   Throw Flame                        Conjuration/Fire             2
   Conjure Flame                      Conjuration/Fire             3
   Inner Flame                        Hexes/Fire                   3
   Sticky Flame                       Conjuration/Fire             4
   Fireball                           Conjuration/Fire             5


   Skills:
 + Level 5.0 Fighting
 - Level 0.8 Throwing
 + Level 6.4 Dodging
 + Level 6.7 Unarmed Combat
 - Level 2.2 Spellcasting
 - Level 3.4 Translocations
 + Level 0.2 Evocations


You had 6 spell levels left.
You knew the following spells:

 Your Spells              Type           Power        Failure   Level  Hunger
a - Apportation           Tloc           #.........   4%          1    ##.....
b - Blink                 Tloc           N/A          6%          2    ###....
c - Teleport Other        Tloc           #.......     12%         3    ####...


Dungeon Overview and Level Annotations

Branches:
Dungeon (7/15)             Temple (1/1) D:4

Altars:
Ashenzari
Cheibriados
Dithmenos
Fedhas
Makhleb
Nemelex Xobeh
Okawaru
Trog
Vehumet
Xom
Yredelemnul
The Shining One


Innate Abilities, Weirdness & Mutations

You are too large for most types of armour.
You have claws for hands.
Your metabolism is lightning-fast.
You like to eat raw meat.
You heal very quickly.
You can eat rotten meat.
You are covered in thick fur (AC +2).
You have very tough skin (AC +2).
You are agile. (Dex +2)
You are frail (-10% HP).
Your magical capacity is low (-10% MP).


Message History

You claw the black bear!
The black bear begins to bleed from its wounds!
The black bear is moderately wounded.
The polar bear bites you!!
* * * LOW HITPOINT WARNING * * *
The polar bear closely misses you.
The polar bear claws you but does no damage.
The black bear bites you but does no damage.
The black bear barely misses you.
The black bear claws you but does no damage.
The polar bear rages.
The polar bear barely misses you.
The polar bear claws you but does no damage.
The polar bear claws you.
* * * LOW HITPOINT WARNING * * *
Casting: Teleport Other
Confirm with . or Enter, or press ? or * to list all spells.
You blink.
The polar bear bites you!!
You die...
Xom titters!

#.#####.# #.'%....≈.?..
#.#####.#########.'.....≈.....
#)##.......#......#≈....≈.....
#.##.##.##<#.####.#%....≈≈....
#.....#.##.......h#≈≈....≈≈≈≈
#..(....####.####h##≈≈.......
##.#########.###.h§##≈≈..?... #.#
#......Oh####≈≈.... #.#
#..[..#@## ###≈≈.. #.# #.......#
#.##≈≈ # #.## #..>..### #.# ###
#..# #.....# ###.#### #..
###.###############......# #..
...(......# #...<..#.##.# #..
.##)#.###.# #.###..#.##.# ###..
.##(#.###.####.###..#.##.####....
.##(.............#..#.##.##......


You could see 3 polar bears, a black bear (berserk) and an ogre (berserk).

Vanquished Creatures
  Eustachio (D:5)
  A hippogriff (D:7)
  A sky beast (D:7)
  3 ice beasts
  5 ogres
  2 orc warriors
  Sigmund (D:3)
  A giant frog (D:7)
  2 scorpions
  The ghost of Rafael the Digger, a weakling DsEE (D:6)
  A goliath beetle (D:7)
  2 crimson imps
  3 hounds
  3 orc priests
  A jelly (D:5)
  3 worker ants
  5 orc wizards
  Jessica (D:2)
  A hound skeleton (D:6)
  A mummy (D:7)
  6 adders
  5 gnolls
  A worm (D:2)
  An inept item mimic (D:4)
  An adder skeleton (D:5)
  6 giant geckos
  An ooze (D:1)
  19 orcs
  3 giant cockroaches
  8 goblins
  14 hobgoblins
  8 jackals
  15 kobolds
  3 quokkas
  A ball python (D:2)
  4 bats
  A giant gecko skeleton (D:4)
  2 giant newts
  2 orc skeletons (D:5)
  10 rats
150 creatures vanquished.

Vanquished Creatures (others)
  A hobgoblin zombie (D:7)
1 creature vanquished.

Grand Total: 151 creatures vanquished

Notes
Turn   | Place    | Note
--------------------------------------------------------------
     0 | D:1      | Kex, the Troll Warper, began the quest for the Orb.
     0 | D:1      | Reached XP level 1. HP: 19/19 MP: 2/2
   204 | D:1      | Upgraded the game from 0.15.0-23-gc2b521c to 0.15.0-25-gd84c1e8
   314 | D:1      | Reached XP level 2. HP: 25/27 MP: 2/2
   691 | D:2      | Reached XP level 3. HP: 35/35 MP: 3/3
   730 | D:2      | Learned a level 2 spell: Blink
  1163 | D:2      | Reached XP level 4. HP: 36/42 MP: 4/4
  1258 | D:2      | Found a shadowy altar of Dithmenos.
  1355 | D:2      | Noticed Jessica
  1357 | D:2      | Killed Jessica
  1383 | D:2      | Found a blossoming altar of Fedhas.
  1517 | D:3      | Learned a level 3 spell: Teleport Other
  1566 | D:3      | Found a bloodstained altar of Trog.
  1623 | D:3      | Noticed Sigmund
  1650 | D:3      | Killed Sigmund
  1650 | D:3      | Reached skill level 3 in Unarmed Combat
  1650 | D:3      | Reached XP level 5. HP: 31/50 MP: 3/4
  1734 | D:3      | Found a basalt altar of Yredelemnul.
  1735 | D:3      | Found a blossoming altar of Fedhas.
  2602 | D:4      | Reached XP level 6. HP: 51/59 MP: 4/6
  2636 | D:4      | Noticed an ogre
  2645 | D:4      | Killed an ogre
  2808 | D:4      | Noticed an ogre
  2814 | D:4      | Killed an ogre
  2936 | D:4      | Found a snail-covered altar of Cheibriados.
  3034 | D:4      | Found a staircase to the Ecumenical Temple.
  3034 | D:4      | Noticed an ogre
  3039 | D:4      | Killed an ogre
  3039 | D:4      | Reached XP level 7. HP: 38/67 MP: 8/8
  3102 | Temple   | Entered the Ecumenical Temple
  3320 | Temple   | Became a worshipper of Trog the Wrathful
  3388 | D:5      | Entered Level 5 of the Dungeon
  3448 | D:5      | Reached skill level 4 in Unarmed Combat
  3899 | D:5      | Noticed Eustachio
  3916 | D:5      | Killed Eustachio
  4144 | D:5      | Reached XP level 8. HP: 74/76 MP: 8/8
  4247 | D:5      | Reached skill level 5 in Unarmed Combat
  4423 | D:6      | Acquired Trog's first power
  4510 | D:6      | Reached skill level 5 in Dodging
  4517 | D:6      | Noticed Rafael's ghost (weakling DsEE)
  4529 | D:6      | Killed Rafael's ghost
  5129 | Temple   | Fell from the grace of Trog
  5129 | Temple   | Became a worshipper of Xom of Many Doors
  5277 | D:7      | XOM: potion effect (berserk rage)
  5342 | D:7      | XOM: confuse monster(s)
  5397 | D:7      | Reached skill level 6 in Unarmed Combat
  5501 | D:7      | Reached XP level 9. HP: 82/85 MP: 7/10
  5505 | D:7      | Gained mutation: Your magical capacity is low (-10% MP). [potion of mutation]
  5505 | D:7      | Gained mutation: You are frail (-10% HP). [potion of mutation]
  5505 | D:7      | Gained mutation: You are covered in thick fur (AC +2). [potion of mutation]
  5506 | D:7      | Gained mutation: You are agile. (Dex +2) [potion of mutation]
  5524 | D:7      | XOM: colour smoke trail
  5818 | D:7      | XOM: harmless Pois miscast
  5859 | D:7      | XOM: blink monster(s)
  5870 | D:7      | Reached skill level 5 in Fighting
  5921 | D:7      | Slain by a polar bear

Action                   |  1- 3 |  4- 6 |  7- 9 || total
-------------------------+-------+-------+-------++-------
Melee: Unarmed           |    97 |   102 |   327 ||   526
 Cast: Blink             |     2 |       |     3 ||     5
       Teleport Other    |       |       |     3 ||     3
Evoke: Wand              |       |     1 |       ||     1
  Use: Scroll            |       |     2 |     2 ||     4
       Potion            |       |       |     7 ||     7
 Stab: Confused          |       |       |     1 ||     1
  Eat: Chunk             |    13 |    19 |    27 ||    59
